 Dungeon Crawl Stone Soup version 0.32-a0-666-ge8a88695a4 (webtiles) character file.

Game seed: 9216791512891459273

1176 cforsyth the Grave Robber (level 8, -3/70 HPs)
             Began as a Mountain Dwarf Necromancer on Mar 9, 2024.
             Slain by an ogre
             ... wielding a +0 giant spiked club
              (14 damage)
             ... on level 6 of the Dungeon.
             The game lasted 00:12:19 (6171 turns).

cforsyth the Grave Robber (MDNe)                    Turns: 6171, Time: 00:12:20

Health: -3/70      AC: 13    Str: 11    XL:     8   Next: 18%
Magic:  10/10      EV:  6    Int: 18    God:
Gold:   174        SH:  0    Dex: 10    Spells: 5/10 levels left

rFire   . . .        q - +2 falchion (elec)
rCold   . . .        (no shield)
rNeg    . . .        s - +0 chain mail
rPois   .            (no helmet)
rElec   .            (no cloak)
rCorr   .            (no gloves)
SInv    .            (no boots)
Will    .....        (no amulet) Stlth
                     T - +4 ring of protection
HPRegen 0.31/turn    (no ring)
MPRegen 0.12/turn

%: no passive effects
@: no status effects
A: runic magic, artefact enchanting
a: no special abilities


You were on level 6 of the Dungeon.
You visited 2 branches of the dungeon, and saw 7 of its levels.
You also visited: Sewer.

You collected 200 gold pieces.
You spent 26 gold pieces at shops.


Innate Abilities, Weirdness & Mutations

Your spellcasting is much less encumbered by armour.
You can use scrolls of enchantment on lesser artefacts.


   Skills:
 + Level 5.9 Fighting
 + Level 4.5 Axes
 + Level 4.1 Armour
 - Level 1.3 Dodging
 - Level 1.4 Stealth
 - Level 1.7 Spellcasting
 + Level 7.5 Necromancy


You had 5 spell levels left.
You knew the following spells:

 Your Spells              Type           Power      Damage    Failure   Level
a - Animate Dead          Necr           28%        N/A       19%         4
X - Necrotise             Necr           100%       1d9       1%          1

Your spell library contained the following spells:

 Spells                   Type           Power      Damage    Failure   Level
 Vampiric Draining        Necr           28%        2d8       5%          3
 Apportation              Tloc           2%         N/A       38%         1
 Sting                    Conj/Alch      4%         1d3       38%         1
 Summon Small Mammal      Summ           4%         N/A       38%         1
 Curse of Agony           Necr           28%        N/A       45%         5

Inventory:

Hand Weapons
 e - a +2 short sword of venom
 q - a +2 falchion of electrocution (weapon)
Missiles
 A - a throwing net {=f}
Armour
 a - a +0 robe
 n - a +0 scale mail
 s - a +0 chain mail (worn)
Magical Staves
 f - a staff of fire {!a}
 r - a staff of air {!a}
 B - a staff of conjuration {!a}
Jewellery
 T - a +4 ring of protection (left hand)
Wands
 l - a wand of charming (11)
 t - a wand of polymorph (13)
 u - a wand of flame (13)
Scrolls
 c - 4 scrolls of immolation
 k - a scroll of teleportation {@r2}
 m - a scroll of butterflies
 p - a scroll of fog
 v - a scroll of fear
 w - a scroll of identify {@r1}
 y - a scroll of revelation
Potions
 b - 3 potions of magic
 d - 2 potions of brilliance
 g - a potion of mutation
 h - a potion of curing {@q1}
 i - 2 potions of enlightenment
 j - a potion of haste {@q3}
 o - a potion of degeneration {unknown}
 x - a potion of invisibility {unknown}
 z - 2 potions of attraction {unknown}

Dungeon Overview and Level Annotations

Branches:
Dungeon (6/15)             Temple (1/1) D:4           Sewer (visited)

Altars:
Ashenzari
Cheibriados
Fedhas
Gozag
Hepliaklqana
Nemelex Xobeh
Okawaru
Qazlal
Ru
Sif Muna
Trog
Vehumet
Wu Jian
Yredelemnul
Zin
The Shining One

Shops:
D:2

[:? ....
#..# #..#
#..# #
#..#.#
#..#.###.#
#.O.......
#.@#
.....$..#
..####.##
.. ..(
.... ####.
#.


You could see an ogre.


Message History

Done exploring.
There is a stone staircase leading up here.
There is a stone staircase leading down here.
You climb downwards.
The ogre shouts!
Found 7 gold pieces and 3 atropa-tipped darts.
There is a stone staircase leading up here.
An ogre is nearby!
The ogre writhes in agony.
You slash the ogre!
The ogre is heavily wounded.
The ogre hits you with a +0 giant spiked club!
You slash the ogre!
The ogre is severely wounded.
The ogre hits you with a +0 giant spiked club!
You hit the ogre.
The ogre is severely wounded.
You barely miss the ogre.
The ogre is severely wounded.
The ogre hits you with a +0 giant spiked club!
* * * LOW HITPOINT WARNING * * *
You hit the ogre.
The ogre is almost dead.
The ogre hits you with a +0 giant spiked club!
* * * LOW HITPOINT WARNING * * *
Unknown command.
You hit the ogre.
The ogre is almost dead.
The ogre hits you with a +0 giant spiked club!
You die...

Skill      XL: |  1  2  3  4  5  6  7  8 |
---------------+-------------------------+-----
Fighting       | 1 2 3 4 5 |  5.9
Necromancy     | 5 6 7 |  7.5
Axes           | 1 2 4 |  4.5
Armour         | 1 2 3 4 |  4.1
Dodging        | |  1.3
Stealth        | |  1.4
Spellcasting   | |  1.7

Action                     |  1- 3 |  4- 6 |  7- 9 || total
---------------------------+-------+-------+-------++-------
  Melee: Unarmed           |    14 |       |       ||    14
         Short sword       |    20 |       |       ||    20
         Falchion          |       |    93 |    61 ||   154
   Cast: Necrotise         |    63 |    75 |    45 ||   183
    Use: Scroll            |     7 |     5 |     2 ||    14
         Potion            |     2 |     1 |       ||     3
 Armour: Robe              |    17 |       |       ||    17
         Skin              |     1 |       |       ||     1
         Scale mail        |    15 |   206 |       ||   221
         Chain mail        |       |     1 |   112 ||   113
  Dodge: Dodged            |    29 |    46 |    37 ||   112

Levels and vault maps discovered:
D:1:      dpeg_arrival_water_temple_mockup, layout_loops_corners, serial_forest,
          infiniplex_forest_diagonal, infiniplex_forest_lined_room_2,
          infiniplex_forest_end_1, infiniplex_forest_end_2,
          infiniplex_forest_straight_2, infiniplex_forest_zigzag_1,
          infiniplex_forest_clump_tiny, infiniplex_forest_clump_curved,
          minmay_tetromino_l2
D:2:      layout_loops_ring, serial_shops, shop, nicolae_shop_hallway_stairs,
          nicolae_shop_drivethru
D:3:      layout_loops_ring, marbit_many_paths, mainiacjoe_overflow_24_doors,
          serial_undead, serial_undead_b, serial_undead_f, serial_undead_b,
          serial_undead_a, portal_sewer_entry_d, ebering_ecumenical_altar_rust
D:4:      layout_cave_pools, minmay_temple_entry_glass, uniq_ijyb
D:5:      layout_rooms, old_standard_altar, grunt_ashenzari_visionary
          [grunt_ashenzari_visionary_shoals, grunt_ashenzari_visionary_snake],
          uniq_duvessa, uniq_eustachio
D:6:      layout_basic, minmay_circle_x
Temple:   nicolae_temple_no_exploring_needed

Notes
Turn   | Place    | Note
-------+----------+-------------------------------------------
     0 | D:1      | cforsyth the Mountain Dwarf Necromancer began the quest for
                  | the Orb.
     0 | D:1      | Reached XP level 1. HP: 14/14 MP: 3/3
   141 | D:1      | Reached skill level 1 in Fighting
   238 | D:1      | Reached XP level 2. HP: 23/23 MP: 1/4
  1152 | D:1      | Reached skill level 2 in Fighting
  1350 | D:2      | Reached XP level 3. HP: 29/29 MP: 2/5
  1398 | D:2      | Reached skill level 5 in Necromancy
  1599 | D:2      | Found a transporter.
  1604 | D:2      | Found Guipisos's Magic Scroll Shoppe.
  1617 | D:2      | Found a transporter.
  1624 | D:2      | Bought a scroll of identify for 26 gold pieces
  1643 | D:2      | Found Netiazed's Book Shop.
  1704 | D:2      | Found Xotzois's Antique Armour Emporium.
  2301 | D:3      | Found a stormy altar of Qazlal.
  2311 | D:3      | Found a glowing drain.
  2329 | Sewer    | Entered a sewer
  2424 | Sewer    | Noticed a crocodile
  2425 | Sewer    | Identified a potion of resistance
  2434 | Sewer    | Killed a crocodile
  2435 | Sewer    | Reached skill level 3 in Fighting
  2435 | Sewer    | Reached XP level 4. HP: 39/39 MP: 6/6
  2435 | Sewer    | Reached XP level 5. HP: 45/45 MP: 7/7
  2616 | D:3      | Reached skill level 6 in Necromancy
  2683 | D:3      | Found a faded altar of an unknown god.
  2745 | D:3      | Reached skill level 4 in Fighting
  2944 | D:3      | Reached skill level 1 in Axes
  3100 | D:3      | Found a blossoming altar of Fedhas.
  3233 | D:3      | Reached skill level 1 in Armour
  3419 | D:3      | Reached XP level 6. HP: 48/52 MP: 8/8
  3989 | D:4      | Noticed Ijyb
  4011 | D:3      | Killed Ijyb
  4012 | D:3      | Reached skill level 2 in Axes
  4110 | D:4      | Reached skill level 2 in Armour
  4446 | D:4      | Reached XP level 7. HP: 29/60 MP: 0/9
  4684 | D:4      | Found a staircase to the Ecumenical Temple.
  4693 | Temple   | Entered the Ecumenical Temple
  4701 | D:4      | Reached skill level 5 in Fighting
  5096 | D:5      | Entered Level 5 of the Dungeon
  5096 | D:5      | Noticed Eustachio
  5112 | D:4      | Reached skill level 3 in Axes
  5154 | D:5      | Reached skill level 3 in Armour
  5154 | D:5      | Reached skill level 7 in Necromancy
  5164 | D:4      | Learned a level 4 spell: Animate Dead
  5180 | D:5      | Noticed Duvessa
  5180 | D:5      | Noticed Dowan
  5228 | D:4      | Killed Eustachio
  5311 | D:5      | Killed Duvessa
  5312 | D:5      | Reached skill level 4 in Axes
  5401 | D:5      | Killed Dowan
  5402 | D:5      | Reached XP level 8. HP: 70/70 MP: 4/10
  5695 | D:5      | Found a broken altar of Ashenzari.
  5699 | D:5      | Saw a vision of the Shoals and the Snake Pit.
  5699 | D:5      | Noticed a manticore
  5699 | D:5      | Noticed a shock serpent
  5699 | D:5      | Noticed a manticore
  5699 | D:5      | Noticed a manticore
  5699 | D:5      | Noticed a merfolk
  5699 | D:5      | Noticed a merfolk
  5699 | D:5      | Noticed a naga sharpshooter
  5699 | D:5      | Noticed a naga mage
  5699 | D:5      | Noticed a merfolk siren
  5700 | D:5      | Noticed a merfolk
  5718 | D:5      | Reached skill level 4 in Armour
  5887 | D:5      | Found a sparkling altar of Nemelex Xobeh.
  6171 | D:6      | Slain by an ogre

Vanquished Creatures
  Eustachio (D:4)
  Duvessa (D:5)
  An ice beast (D:5)
  An ogre (D:4)
  A crocodile (Sewer)
  A phantom (D:4)
  A scorpion (D:5)
  Dowan (D:5)
  A bombardier beetle (D:4)
  2 hounds
  A centaur skeleton (D:3)
  An orc priest (D:3)
  Ijyb (D:3)
  An iguana (D:3)
  3 orc wizards
  A hound skeleton (D:3)
  8 adders
  A white imp (D:3)
  An adder zombie (D:3)
  2 dart slugs
  2 ribbon worms
  19 orcs
  4 ball pythons
  3 bats
  7 endoplasms
  4 giant cockroaches
  6 goblins
  7 hobgoblins
  6 jackals
  7 kobolds
  4 quokkas
  3 ball python zombies (D:3)
  4 frilled lizards
  A jackal skeleton (D:3)
  A quokka zombie (D:3)
  7 rats
116 creatures vanquished.

Table legend: (Time is in decaauts)
 A = Elapsed time spent in this place.
 B = Non-inter-level travel time spent in this place.
 C = Inter-level travel time spent in this place.
 D = Time resting spent in this place.
 E = Time spent auto-exploring this place.
 F = Levels seen in this place.
 G = Mean time per level.
                   A        B        C        D        E       F      G
               +--------+--------+--------+--------+--------+-----+--------+
         Total |   6255 |   6048 |    207 |    505 |   4235 |   8 |  781.9 |
       Dungeon |   6017 |   5810 |    207 |    473 |   4143 |   6 | 1002.8 |
        Temple |      7 |      7 |      0 |      0 |      0 |   1 |    7.0 |
         Sewer |    231 |    231 |      0 |     32 |     92 |   1 |  231.0 |
               +--------+--------+--------+--------+--------+-----+--------+

Top non-repeatable levels by time:
     D:3: 1728 daAuts
     D:1: 1345 daAuts
     D:4: 1104 daAuts
     D:2: 1028 daAuts
     D:5: 802 daAuts
   Sewer: 231 daAuts
     D:6: 8 daAuts
  Temple: 7 daAuts

Table legend:
 A = Non-vault XP
 B = Vault XP
 C = Vault XP percentage of total XP
 D = Non-vault monster count
 E = Vault monster count
 F = Vault count percentage of total count
                 A         B        C        D         E       F
            +---------+---------+-------+---------+---------+-------
      Total |    1029 |     651 |  38.8 |      97 |      19 |  16.4
            +---------+---------+-------+---------+---------+-------
        D:1 |      39 |       0 |   0.0 |      23 |       0 |   0.0
        D:2 |      73 |       0 |   0.0 |      16 |       0 |   0.0
        D:3 |     190 |     122 |  39.1 |      25 |      11 |  30.6
        D:4 |     435 |     191 |  30.5 |      24 |       1 |   4.0
        D:5 |     291 |     212 |  42.1 |       8 |       2 |  20.0
     Temple |       1 |       0 |   0.0 |       1 |       0 |   0.0
      Sewer |       0 |     126 | 100.0 |       0 |       5 | 100.0
            +---------+---------+-------+---------+---------+-------
